 Dungeon Sprint DCSS version 0.19-a0-1654-g9d3f708 (webtiles) character file.

3081 poirepourri the Unseen (level 9, -5/39 HPs)
             Began as a Spriggan Enchanter on Sept 20, 2016.
             Was a Believer of Dithmenos.
             Splashed by an oklob plant's acid (11 damage)
             ... in the Dungeon (Sprint I: "Red Sonja").
             The game lasted 00:02:22 (658 turns).

poirepourri the Unseen (Spriggan Enchanter)          Turns: 658, Time: 00:02:23

Health: -5/39      AC:  0    Str:  4    XL:     9   Next: 58%
Magic:  25/25      EV: 26    Int: 18    God:    Dithmenos [**....]
Gold:   240        SH:  0    Dex: 18    Spells: 7 memorised, 8 levels left

rFire  + . .     SeeInvis +     n - +0 short sword (venom)
rCold  x . .     Gourm    .     q - +2 robe {Archmagi}
rNeg   . . .     Faith    .     (shield restricted)
rPois  +         Spirit   .     (helmet restricted)
rElec  .         Dismiss  .     (no cloak)
rCorr  .         Reflect  .     (gloves unavailable)
MR     +....     Harm     .     (boots unavailable)
Stlth  ++++++++++ NoTele   +    (no amulet)
                                p - ring of fire
                                k - ring of poison resistance

@: corroded, wreathed by umbra, very quick
A: unfitting armour, see invisible, herbivore 3, speed 3, slow metabolism 2
a: Shadow Step, Renounce Religion


You were in the Dungeon.
You worshipped Dithmenos.
Dithmenos was pleased with you.
You were not hungry.

You visited 1 branch You collected 767 gold pieces.
You spent 527 gold pieces at shops.

Inventory:

Hand Weapons
 a - a +1 dagger
 m - a +0 blowgun
 n - a +0 short sword of venom (weapon)
Missiles
 o - 8 curare-tipped needles
Armour
 b - a +1 robe
 q - a +2 robe of the Archmagi (worn)
Jewellery
 k - a ring of poison resistance (left hand)
 p - a ring of fire (right hand)
Wands
 l - a wand of digging (11/24)
Scrolls
 j - a scroll of blinking
Potions
 e - a potion of curing
 f - a potion of heal wounds
 g - 2 potions of haste
 h - 2 potions of magic
 i - a potion of berserk rage
 r - a potion of cancellation {unknown}
 s - a potion of mutation {unknown}
Books
 c - a book of Maledictions

   Spells                             Type                      Level
   a - Corona                         Hexes                        1
   b - Ensorcelled Hibernation        Hexes/Ice                    2
   c - Confuse                        Hexes                        3
   d - Tukima's Dance                 Hexes                        3
   e - Dazzling Spray                 Conjuration/Hexes            3
 t - a book of Party Tricks

   Spells                             Type                      Level
   a - Summon Butterflies             Summoning                    1
   b - Apportation                    Translocation                1
   c - Tukima's Dance                 Hexes                        3
   d - Alistair's Intoxication        Transmutation/Poison         5
   e - Invisibility                   Hexes                        6
Comestibles
 d - a bread ration


   Skills:
 + Level 3.9 Short Blades
 + Level 9.7 Dodging
 + Level 20.4 Stealth
 + Level 11.5 Spellcasting
 + Level 14.3 Hexes


You had 8 spell levels left.
You knew the following spells:

 Your Spells              Type           Power        Failure   Level  Hunger
a - Corona                Hex            #######      1%          1    None
b - Ensorcelled Hibernat  Hex/Ice        ######       1%          2    None
c - Confuse               Hex            #######.     1%          3    None
d - Tukima's Dance        Hex            #######.     1%          3    None
e - Dazzling Spray        Conj/Hex       ######       1%          3    None
f - Alistair's Intoxicat  Tmut/Pois      ###.....     99%         5    ####...
g - Invisibility          Hex            #######.     3%          6    ######.


Dungeon Overview and Level Annotations

Branches:
Dungeon (1/1)

Altars:
Cheibriados
Dithmenos
Elyvilon
Fedhas
Gozag
Hepliaklqana
Kikubaaqudgha
Makhleb
Nemelex Xobeh
Okawaru
Qazlal
Ru
Sif Muna
Trog
Uskayaw
Vehumet
Xom
Yredelemnul
Zin
The Shining One
Jiyva
Lugonu

Shops:
D %[

Annotations:
D exclusion: oklob plant


Innate Abilities, Weirdness & Mutations

You are tiny and cannot use many weapons and most armour.
You have supernaturally acute eyesight. (SInv)
You are a herbivore.
You cover ground extremely quickly.
You need consume almost no food.


Message History

There is an open door here.
There is an open door here.
You enter the shallow water.
Moving in this stuff is going to be slow.
There is an open door, spattered with blood here.
You see here a wasp corpse.
You open the door.
Marking area around the oklob plant as unsafe for travelling.
An oklob plant comes into view.
The oklob plant spits acid at you. The splash of acid hits you!
The acid corrodes you!
You are splashed with acid!
The acid burns!
There is an open door here.
You hit the oklob plant but do no damage.
The oklob plant is poisoned.
The oklob plant spits acid at you. The splash of acid hits you!
* * * LOW HITPOINT WARNING * * *
The acid corrodes you!
You are splashed with acid!
The acid burns!
You die...

###############
..#.)'..#__#..+
.)'..#..'..'..#
#'#####'#__####
..#...#.####.§####
###..##.#§§§.)#..#
__##'#..§≈§§.§§.†#
...'..._#≈§§§)#..#
__##_÷#'##§#####@#
__###'#)#.§§.###P+
#####.####§###.###
+...'.....'.∩#
#...##########
##.## #+#


You could see an oklob plant.

Vanquished Creatures
  2 centaur warriors (D)
  Sonja (D)
  A deep troll (D)
  A slime creature (D)
  A yak (D)
  Sigmund (D)
  A wasp (D)
  An ogre (D)
  A jelly (D)
  Ijyb (D)
11 creatures vanquished.

Notes
Turn   | Place    | Note
-------+----------+-------------------------------------------
     0 | D        | poirepourri the Spriggan Enchanter began the quest for the Orb.
     0 | D        | Reached XP level 1. HP: 9/9 MP: 5/5
     2 | D        | Noticed Ijyb
     9 | D        | Killed Ijyb
     9 | D        | Reached skill level 9 in Stealth
     9 | D        | Reached XP level 2. HP: 13/13 MP: 6/6
    15 | D        | Learned a level 2 spell: Ensorcelled Hibernation
    15 | D        | Noticed an ogre
    18 | D        | Killed an ogre
    18 | D        | Reached skill level 5 in Dodging
    18 | D        | Reached skill level 10 in Stealth
    18 | D        | Reached XP level 3. HP: 16/16 MP: 7/10
    18 | D        | Reached XP level 4. HP: 21/21 MP: 7/11
    55 | D        | Noticed Sigmund
    61 | D        | Killed Sigmund
    61 | D        | Reached skill level 12 in Stealth
    61 | D        | Reached XP level 5. HP: 24/24 MP: 7/14
    66 | D        | Learned a level 3 spell: Confuse
    70 | D        | Learned a level 3 spell: Tukima's Dance
    74 | D        | Learned a level 3 spell: Dazzling Spray
    87 | D        | Found a deep blue altar of Sif Muna.
    89 | D        | Found a radiant altar of Vehumet.
    96 | D        | Reached skill level 13 in Stealth
    96 | D        | Reached XP level 6. HP: 28/28 MP: 5/16
   229 | D        | Found Tasak's Food Emporium.
   229 | D        | Found an ancient bone altar of Kikubaaqudgha.
   229 | D        | Found a hazy altar of Hepliaklqana.
   229 | D        | Found a stormy altar of Qazlal.
   229 | D        | Found a hide-covered altar of Uskayaw.
   229 | D        | Found a blossoming altar of Fedhas.
   229 | D        | Found a bloodstained altar of Trog.
   229 | D        | Found an iron altar of Okawaru.
   229 | D        | Found a basalt altar of Yredelemnul.
   229 | D        | Found a glowing golden altar of the Shining One.
   229 | D        | Found a snail-covered altar of Cheibriados.
   229 | D        | Found a sacrificial altar of Ru.
   229 | D        | Found a glowing silver altar of Zin.
   229 | D        | Found a shadowy altar of Dithmenos.
   229 | D        | Found a white marble altar of Elyvilon.
   229 | D        | Noticed a yak
   230 | D        | Found an opulent altar of Gozag.
   231 | D        | Killed a yak
   231 | D        | Reached skill level 14 in Stealth
   231 | D        | Reached skill level 10 in Hexes
   232 | D        | Found a sparkling altar of Nemelex Xobeh.
   240 | D        | Became a worshipper of Dithmenos the Shadowed
   254 | D        | Noticed Sonja
   263 | D        | Killed Sonja
   263 | D        | Reached skill level 16 in Stealth
   263 | D        | Reached XP level 7. HP: 32/32 MP: 15/20
   263 | D        | Reached XP level 8. HP: 36/36 MP: 16/22
   383 | D        | Noticed a deep troll
   387 | D        | Killed a deep troll
   387 | D        | Reached skill level 17 in Stealth
   387 | D        | Reached skill level 10 in Spellcasting
   397 | D        | Found Heotuc's Armour Emporium.
   408 | D        | Bought a +2 robe of the Archmagi for 527 gold pieces
   519 | D        | Learned a level 5 spell: Alistair's Intoxication
   526 | D        | Learned a level 6 spell: Invisibility
   529 | D        | Noticed a centaur warrior
   529 | D        | Noticed a centaur warrior
   532 | D        | Killed a centaur warrior
   532 | D        | Reached * piety under Dithmenos
   532 | D        | Reached skill level 19 in Stealth
   532 | D        | Reached XP level 9. HP: 39/39 MP: 24/24
   534 | D        | Killed a centaur warrior
   534 | D        | Reached skill level 20 in Stealth
   621 | D        | Found a burning altar of Makhleb.
   621 | D        | Found a viscous altar of Jiyva.
   621 | D        | Found a shimmering altar of Xom.
   621 | D        | Found a corrupted altar of Lugonu.
   624 | D        | Reached ** piety under Dithmenos
   656 | D        | Noticed an oklob plant
   658 | D        | Splashed by an oklob plant's acid

Vault maps used:
D:        dungeon_sprint_1

Skill      XL: |  1  2  3  4  5  6  7  8  9 |
---------------+----------------------------+-----
Dodging        | 4 5 6 8 9 |  9.7
Stealth        | 9 10 12 13 16 19 20 | 20.4
Spellcasting   | 4 6 9 10 11 | 11.5
Hexes          | 6 8 9 11 13 14 | 14.3
Short Blades   | 2 3 |  3.9

Action                   |  1- 3 |  4- 6 |  7- 9 || total
-------------------------+-------+-------+-------++-------
Melee: Dagger            |     6 |     5 |       ||    11
       Short sword       |       |       |     6 ||     6
 Cast: Ensorcelled Hiber |       |     5 |       ||     5
 Stab: Sleeping          |     2 |     4 |     5 ||    11
Armor: Robe              |     1 |     1 |       ||     2
Dodge: Dodged            |     2 |     5 |       ||     7
